 Dungeon Crawl Stone Soup version 0.27.1 (webtiles) character file.

Game seed: 14157717590296135809

4622 pkoi the Grappler (level 10, -1/147 HPs)
             Began as a Troll Monk on Aug 23, 2021.
             Was a Believer of Dithmenos.
             Slain by Erica (10 damage)
             ... on level 8 of the Dungeon.
             The game lasted 00:12:29 (7187 turns).

pkoi the Grappler (Troll Monk)                      Turns: 7187, Time: 00:12:30

Health: -1/147     AC:  7    Str: 24    XL:     10   Next: 19%
Magic:  9/9        EV: 11    Int:  6    God:    Dithmenos [**....]
Gold:   353        SH:  0    Dex: 12    Spells: 9/9 levels left

rFire    . . .     SeeInvis .     - Unarmed
rCold    . . .     Faith    .   (no shield)
rNeg     . . .     Spirit   .   A - +0 steam dragon scales
rPois    .         Reflect  .   (helmet restricted)
rElec    .         Harm     .   (no cloak)
rCorr    .         Rampage  .   (gloves unavailable)
Will     .....                  (boots unavailable)
Stlth    ..........             (no amulet)
HPRegen  1.34/turn              (no ring)
MPRegen  0.11/turn              (no ring)

@: berserking, weak-willed, wreathed by umbra, very quick
A: large, unfitting armour, claws 3, regeneration 1, shaggy fur 1, tough skin 1
a: Renounce Religion, Shadow Step


You were on level 8 of the Dungeon.
You worshipped Dithmenos.
Dithmenos was pleased with you.
You visited 2 branches of the dungeon, and saw 9 of its levels.
You also visited: Sewer.

You collected 445 gold pieces.
You spent 92 gold pieces at shops.

Inventory:

Missiles
 a - a curare-tipped dart
 h - 42 poisoned darts (quivered)
 q - a throwing net
Armour
 y - a +0 robe of positive energy
 A - +0 steam dragon scales (worn)
Jewellery
 t - an amulet of faith
Wands
 r - a wand of iceblast (8)
 B - a wand of charming (5)
Scrolls
 d - 2 scrolls of fear
 g - 3 scrolls of teleportation
 i - a scroll of enchant armour
 j - 3 scrolls of enchant weapon
 n - 3 scrolls of fog
 o - 2 scrolls of brand weapon
 x - 2 scrolls of identify
Potions
 b - 4 potions of attraction {unknown}
 c - 2 potions of brilliance {unknown}
 e - 4 potions of curing
 f - 2 potions of haste
 k - 3 potions of magic
 l - 5 potions of heal wounds
 m - a potion of might
 p - a potion of resistance {unknown}
 s - a potion of cancellation {unknown}
 v - 2 potions of degeneration {unknown}
 z - a potion of flight {unknown}


   Skills:
 + Level 5.7 Fighting
 - Level 1.0 Armour
 + Level 5.8 Dodging
 - Level 1.0 Stealth
 + Level 12.1 Unarmed Combat


You had 9 spell levels left.
You didn't know any spells.
Your spell library contained the following spells:

 Spells                   Type           Power      Damage    Failure   Level
 Corona                   Hex            0%         N/A       45%         1
 Foxfire                  Conj/Fire      0%         2x1d4     45%         1
 Sandblast                Erth           0%         2d4       45%         1
 Ensorcelled Hibernation  Hex/Ice        0%         N/A       58%         2
 Passwall                 Tmut/Erth      0%         N/A       58%         2
 Conjure Flame            Conj/Fire      0%         6-21      83%         3
 Inner Flame              Hex/Fire       0%         N/A       83%         3
 Tukima's Dance           Hex            0%         N/A       83%         3
 Lee's Rapid Deconstruct  Erth           0%         3d5*      100%        5


Dungeon Overview and Level Annotations

Branches:
Dungeon (8/15)             Temple (1/1) D:7           Sewer (visited)
   Lair: D:8-11

Altars:
Ashenzari
Cheibriados
Dithmenos
Elyvilon
Fedhas
Gozag
Hepliaklqana
Kikubaaqudgha
Makhleb
Nemelex Xobeh
Okawaru
Qazlal
Ru
Sif Muna
Trog
Uskayaw
Vehumet
Wu Jian
Xom
Yredelemnul
Zin
The Shining One

Shops:
D:7 =[:

Annotations:
D:5 3 runed translucent doors, hawla's ghost, weakling DEDe
D:8 Erica


Innate Abilities, Weirdness & Mutations

You are too large for most types of armour.
You have claws for hands.
Your natural rate of healing is unusually fast.
You are covered in fur. (AC +1)
You have tough skin. (AC +1)


Message History

Erica shouts!
Erica is nearby!
Erica is nearby!
Erica is nearby!
Erica mumbles some strange words.
Erica flickers and vanishes!
Deactivating autopickup; reactivate with Ctrl-A.
Okay, then.
Found 9 gold pieces.
Something completely misses you.
You scratch something.
You hear some strange, mumbled words.
A lance of force appears from out of thin air!
The lance of force hits you!
You are knocked back by the lance of force.
Something hits you! Something burns you.
You claw something! You claw something! Your claw misses something.
Something hits you! Something burns you.
You miss something. Something hits you!
* * * LOW HITPOINT WARNING * * *
Something burns you.
* * * LOW HITPOINT WARNING * * *
You scratch something. Something hits you!
* * * LOW HITPOINT WARNING * * *
Something burns you.
* * * LOW HITPOINT WARNING * * *
You scratch something but do no damage. Something hits you!
* * * LOW HITPOINT WARNING * * *
Something burns you.
* * * LOW HITPOINT WARNING * * *
You miss something.
As you read the scroll labelled DIRE JORPHAXYR, it crumbles to dust.
Magic quickly surges around you.
It was a scroll of vulnerability.
Something hits you!
* * * LOW HITPOINT WARNING * * *
Something burns you.
* * * LOW HITPOINT WARNING * * *
A red film seems to cover your vision as you go berserk!
You feel yourself moving faster!
You feel mighty! Something hits you!
You die...

...........###
#.....$.(............
#....................
#....................
#....................
#.................###
#.................#
#...{.........#####
#...@.........#
#.............#
#..........≈≈≈≈
#..........≈##
#..........≈##
#..........≈≈#
#..........≈≈#
#..........≈≈#
#..........≈###+##


There were no monsters in sight!

Vanquished Creatures
  Pikel (D:6)
  Sigmund (D:3)
  A wraith (D:7)
  Grum (D:8)
  A steam dragon (D:7)
  Menkaure (D:5)
  An orc warrior (D:6)
  3 sky beasts
  4 black bears
  2 ice beasts (D:6)
  2 necrophages
  4 wolves (D:7)
  2 centaurs
  A lemure (D:6)
  A phantom (D:5)
  3 kobold brigands
  4 bullfrogs
  2 scorpions (D:5)
  Blork the orc (D:5)
  6 killer bees
  An electric eel (D:8)
  A centaur zombie (D:8)
  A bullfrog zombie (D:5)
  3 hounds
  A jelly (D:6)
  3 orc priests
  A centaur skeleton (D:7)
  3 iguanas (D:6)
  4 orc wizards
  A hound zombie (D:5)
  A hound skeleton (D:4)
  4 gnolls
  13 adders
  2 river rats (Sewer)
  A shadow imp (D:7)
  A white imp (D:5)
  2 ufetubi
  2 worms
  2 dart slugs
  22 orcs
  9 endoplasms
  10 giant cockroaches
  7 goblins
  5 hobgoblins
  36 kobolds
  2 quokkas
  16 ball pythons
  7 bats
  3 frilled lizards
  33 rats
239 creatures vanquished.

Vanquished Creatures (others)
  19 plants (D:5)
19 creatures vanquished.

Grand Total: 258 creatures vanquished

Notes
Turn   | Place    | Note
-------+----------+-------------------------------------------
     0 | D:1      | pkoi the Troll Monk began the quest for the Orb.
     0 | D:1      | Reached XP level 1. HP: 22/22 MP: 0/0
   285 | D:1      | Reached XP level 2. HP: 26/29 MP: 1/1
   323 | D:1      | Reached skill level 4 in Unarmed Combat
   483 | D:1      | Found a faded altar of an unknown god.
   663 | D:2      | Reached XP level 3. HP: 33/36 MP: 2/2
   768 | D:2      | q
   949 | D:2      | Reached XP level 4. HP: 44/44 MP: 3/3
  1031 | D:2      | Reached skill level 5 in Unarmed Combat
  1058 | D:2      | Found a blossoming altar of Fedhas.
  1497 | D:3      | Reached XP level 5. HP: 49/50 MP: 4/4
  1698 | D:3      | Noticed Sigmund
  1841 | D:3      | Killed Sigmund
  1842 | D:3      | Reached skill level 7 in Unarmed Combat
  1842 | D:3      | Reached XP level 6. HP: 59/59 MP: 5/5
  2104 | D:4      | Found a basalt altar of Yredelemnul.
  3214 | D:5      | Entered Level 5 of the Dungeon
  3219 | D:5      | Reached skill level 8 in Unarmed Combat
  3219 | D:5      | Reached XP level 7. HP: 66/66 MP: 6/6
  3418 | D:5      | Noticed Menkaure
  3433 | D:5      | Reached skill level 9 in Unarmed Combat
  3709 | D:5      | Found a runed translucent gate.
  3709 | D:5      | Found a runed translucent gate.
  3709 | D:5      | Noticed hawla's ghost (weakling DEDe)
  3710 | D:5      | Noticed a wraith
  3711 | D:5      | Found a runed translucent gate.
  3742 | D:5      | Killed Menkaure
  3813 | D:5      | Reached XP level 8. HP: 68/74 MP: 7/7
  3842 | D:5      | Found a glowing drain.
  3847 | Sewer    | Entered a sewer
  3927 | Sewer    | Reached skill level 10 in Unarmed Combat
  4382 | D:5      | Noticed Blork the orc
  4388 | D:5      | Killed Blork the orc
  5192 | D:6      | Reached skill level 11 in Unarmed Combat
  5312 | D:6      | Reached XP level 9. HP: 71/83 MP: 8/8
  5633 | D:7      | Noticed Pikel
  5997 | D:6      | Killed Pikel
  6033 | D:7      | Found Ziepterirch's Antique Armour Shop.
  6063 | D:7      | Bought a glowing robe for 92 gold pieces
  6117 | D:7      | Found Karoxy's Jewellery Shoppe.
  6187 | D:7      | Found Xeral's Book Shop.
  6193 | D:7      | Reached skill level 5 in Dodging
  6208 | D:7      | Reached skill level 5 in Fighting
  6467 | D:7      | Found a staircase to the Ecumenical Temple.
  6473 | Temple   | Entered the Ecumenical Temple
  6547 | Temple   | Became a worshipper of Dithmenos the Shadowed
  6547 | Temple   | Reached * piety under Dithmenos
  6547 | Temple   | Reached ** piety under Dithmenos
  6696 | D:8      | Noticed Grum
  6884 | D:7      | Reached XP level 10. HP: 82/96 MP: 9/9
  6892 | D:7      | Reached skill level 1 in Armour
  6916 | D:8      | Killed Grum
  6955 | D:8      | Reached skill level 12 in Unarmed Combat
  7173 | D:8      | Noticed Erica
  7187 | D:8      | Slain by Erica

Illustrated notes

...# #.## #.. #...
#.# . .# #.# ..
..$ ### #.# #.#
######### #.#
#.....†.########@#
#.#####.#........#
#.#####.#.########
.>...##.#.#
#.##.##.#.#
#.....[...#
########### #####
.....


Turn 768 on D:2: q

Levels and vault maps discovered:
D:1:      psy_arrival_radial02, layout_basic, ebering_ecumenical_altar_box,
          chequers_serial_rivers_small_3, minmay_splitting_lines
D:2:      minmay_angry_zag, layout_loops_cross, basic_altar, serial_forest,
          infiniplex_forest_lined_ring, infiniplex_forest_lined_3,
          infiniplex_forest_join, infiniplex_forest_side_room,
          infiniplex_forest_straight_3
D:3:      layout_rooms, uniq_sigmund
D:4:      layout_layer_cave, yredelemnul_altar_generic
D:5:      kennysheep_kobold_camp, layout_basic, gammafunk_ghost_split,
          portal_sewer_entry_e, minmay_misc_feat_columns,
          minmay_stone_trees_small, uniq_menkaure, uniq_blork_the_orc
D:6:      layout_basic, minmay_misc_feat_x
D:7:      layout_cave_pools, temple_green, serial_shops, nicolae_shop_trees,
          nicolae_shop_crystal, shop, uniq_pikel
D:8:      layout_gridville, minmay_holes, lightli_minifort, uniq_grum,
          uniq_erica
Temple:   grunt_wide_crystal_templ

Skill      XL: |  1  2  3  4  5  6  7  8  9 10 |
---------------+-------------------------------+-----
Unarmed Combat | 4 5 7 8 9 11 12 | 12.1
Fighting       | 3 5 |  5.7
Dodging        | 3 5 |  5.8
Armour         | 1 |  1.0
Stealth        | |  1.0

Action                   |  1- 3 |  4- 6 |  7- 9 | 10-12 || total
-------------------------+-------+-------+-------+-------++-------
Melee: Unarmed           |    74 |   114 |   379 |    62 ||   629
       Punch             |     1 |     3 |    12 |     2 ||    18
  Use: Scroll            |       |     8 |    10 |     1 ||    19
       Potion            |       |       |     2 |     1 ||     3
 Stab: Sleeping          |     3 |     1 |     1 |       ||     5
       Distracted        |       |       |     1 |       ||     1
Armor: Robe              |    13 |    38 |   152 |       ||   203
       Steam dragon scal |       |       |    14 |    19 ||    33
Dodge: Dodged            |    27 |    41 |   262 |    26 ||   356
